Map: Ultralove

Players

VicBansemer

  • Race: Protoss Protoss
  • League: Master
  • Spawn Location: 7:00

Daryl - Winner!

  • Race: Protoss Protoss
  • League: Master
  • Spawn Location: 1:00

VOD

Have the link to the VOD?

Description

Time

  • Played on: June 14, 2025, 9:28 p.m.
  • Length: 7:40
Show
View Real Time Build Order
Export as new Build Order

VicBansemer Protoss 

Build Orders: Phoenix Opening, Zealot Archon 

Get SALT Encoding   

  12  0:00  Probe  
  13  0:12  Probe  
  14  0:18  Pylon  
  14  0:23  Probe  
  15  0:32  Probe  
  15  0:38  Gateway  
  15  0:40  Probe  
  16  0:45  Assimilator  
  17  0:51  Probe  
  17  0:54  Assimilator  
  18  1:02  Probe  
  19  1:09  Gateway  
  19  1:10  Probe  
  20  1:26  Probe  
  20  1:27  Cybernetics Core  
  21  1:37  Pylon  
  21  1:38  Probe  
  22  1:50  Probe  
  23  2:02  Stalker  
  23  2:03  Probe  
  23  2:07  Sentry  
  28  2:18  Phoenix  
  28  2:22  Pylon  
  28  2:26  Nexus  
  28  2:33  Probe  
  28  2:34  Pylon  
  29  2:38  Sentry  
  31  2:47  Warp Gate  
  31  2:49  Stalker  
  31  2:52  Probe  
  31  2:58  Shield Battery  
  34  3:04  Probe  
  35  3:10  Twilight Council  
  35  3:17  Stalker, Probe  
  38  3:29  Probe  
  39  3:35  Stalker  
  39  3:41  Probe  
  42  3:42  Probe  
  43  3:51  Charge  
  43  3:53  Probe  
  43  3:54  Probe  
  45  3:55  Pylon  
  45  4:00  Stalker  
  45  4:02  Probe x2  
  45  4:06  Stalker  
  51  4:10  Probe  
  51  4:11  Probe  
  53  4:19  Probe  
  53  4:20  Assimilator  
  53  4:22  Probe  
  55  4:28  Robotics Facility  
  55  4:31  Probe  
  55  4:34  Probe  
  57  4:38  Assimilator  
  57  4:45  Probe  
  58  4:47  Zealot x2  
  58  4:52  Pylon  
  62  4:56  Gateway  
  62  4:58  Forge  
  56  5:14  Probe  
  56  5:15  Probe  
  56  5:17  Zealot x2  
  61  5:25  Observer  
  61  5:27  Probe  
  62  5:29  Probe  
  62  5:35  Shield Battery  
  63  5:38  Adept x2  
  63  5:39  Probe  
  63  5:41  Probe  
  69  5:55  Probe  
  69  5:56  Templar Archives  
  70  6:00  Pylon  
  70  6:17  Probe x2  
  72  6:20  Gateway  
  70  6:29  Probe, Gateway  
  71  6:33  Probe  
  71  6:34  High Templar  
  71  6:35  High Templar  
  71  6:38  Pylon  
  76  6:40  Archon  
  76  6:43  Pylon, Probe  
  76  6:45  Probe  
  78  6:47  Pylon  
  78  6:53  Observer  
  76  7:01  Zealot  
  78  7:09  Stalker x2  
  78  7:13  Pylon  
  78  7:15  Pylon  
  82  7:20  Zealot  
  66  7:31  Zealot x2  
Show
View Real Time Build Order
Export as new Build Order

Daryl Protoss - Winner!

Build Orders:  

Get SALT Encoding   

  12  0:00  Probe  
  13  0:12  Probe  
  14  0:19  Pylon  
  14  0:24  Probe  
  15  0:34  Probe  
  15  0:39  Gateway  
  16  0:44  Assimilator, Probe  
  17  0:55  Probe  
  18  0:58  Assimilator  
  18  1:03  Probe  
  18  1:09  Gateway  
  18  1:11  Probe  
  20  1:21  Probe  
  21  1:31  Cybernetics Core  
  21  1:33  Probe  
  22  1:41  Pylon  
  22  1:46  Probe  
  23  2:05  Probe, Stalker  
  23  2:07  Sentry  
  23  2:08  Warp Gate  
  28  2:17  Probe  
  28  2:21  Pylon  
  29  2:29  Probe  
  30  2:38  Nexus  
  30  2:42  Probe  
  31  2:55  Probe  
  31  2:56  Robotics Facility, Sentry  
  34  3:08  Probe  
  34  3:10  Pylon  
  34  3:12  Stalker  
  37  3:20  Probe  
  38  3:32  Probe  
  38  3:33  Warp Prism  
  39  3:44  Probe  
  42  3:52  Probe  
  43  3:56  Probe  
  43  3:57  Adept x2  
  48  4:04  Probe  
  48  4:07  Immortal  
  48  4:08  Probe  
  50  4:16  Probe  
  55  4:19  Twilight Council  
  55  4:20  Sentry  
  55  4:22  Sentry  
  59  4:25  Assimilator  
  59  4:28  Pylon  
  59  4:31  Probe  
  60  4:35  Resonating Glaives  
  60  4:40  Immortal  
  60  4:43  Probe x2  
  62  4:50  Pylon  
  66  4:53  Adept  
  66  4:55  Probe  
  69  5:19  Immortal  
  69  5:25  Probe x2  
  67  5:33  Gateway  
  67  5:34  Gateway  
  71  5:36  Sentry x2, Gateway  
  71  5:37  Probe, Gateway  
  71  5:38  Pylon  
  76  5:48  Pylon  
  76  5:55  Pylon  
  76  5:56  Pylon  
  76  5:58  Pylon, Observer  
  76  5:59  Pylon  
  76  6:00  Adept x2  
  80  6:20  Adept  
  80  6:21  Adept  
  84  6:40  Nexus  
  84  6:42  Adept x5  
  84  6:43  Adept  
  94  7:05  Adept x6  
  94  7:07  Probe x2  
  88  7:31  Adept x6  
Tags
 
Composition
Zealot Archon
Matchup
PvP
Spawn Locations
Cross Positions
Add a new tag
Caveats
  • Supply blocks, unpowered buildings, or Contaminate may cause inaccurate times.
  • Supply counts are checked every 10 seconds.